 Dungeon Crawl Stone Soup version 0.31-a0-1074-g0b22e4e0f1 (webtiles) character file.

Game seed: 1312715509522607978

1221 sammy202020 the Covered (level 8, -1/51 HPs)
             Began as a Gargoyle Fighter on Nov 29, 2023.
             Was an Initiate of Gozag.
             Killed by divine providence
             ... invoked by an orc priest
              (10 damage)
             ... on level 6 of the Dungeon.
             The game lasted 00:07:16 (4327 turns).

sammy202020 the Covered (Gargoyle Fighter)          Turns: 4327, Time: 00:07:18

Health: -1/51      AC: 20    Str: 19    XL:     8   Next: 47%
Magic:  8/8        EV: 10    Int: 12    God:    Gozag
Gold:   387        SH:  6    Dex:  9    Spells: 7/7 levels left

rFire   . . .        a - +0 flail (flame)
rCold   + . .        c - +1 buckler
rNeg    + . .        b - +0 scale mail
rPois   ∞            m - +1 hat
rElec   +            (no cloak)
rCorr   .            q - +2 pair of gloves
SInv    .            f - +2 pair of boots {Fly}
Will    .....        (no amulet) Stlth
                     h - ring of protection from cold
HPRegen 0.28/turn    (no ring)
MPRegen 0.11/turn

%: no passive effects
@: flying
A: sickness immunity, AC +5, negative energy resistance 1, electricity
resistance, torment resistance 1, petrification resistance
a: Renounce Religion, Potion Petition, Call Merchant, Bribe Branch


You were on level 6 of the Dungeon.
You worshipped Gozag.
Gozag was aware of your devotion.
You visited 2 branches of the dungeon, and saw 7 of its levels.
You also visited: Ossuary.

You collected 437 gold pieces.
You paid 50 gold pieces to Gozag.

Inventory:

Hand Weapons
 a - a +0 flail of flaming (weapon)
Missiles
 i - a throwing net
 r - 38 stones
Armour
 b - a +0 scale mail (worn)
 c - a +1 buckler (worn)
 f - a +2 pair of boots of flying (worn)
 m - a +1 hat (worn)
 q - a +2 pair of gloves (worn)
Jewellery
 h - a ring of protection from cold (left hand)
 k - a +4 ring of protection
Wands
 u - a wand of charming (26)
 y - a wand of roots (5)
 z - a wand of flame (12)
Scrolls
 n - 2 scrolls of identify
 o - a scroll of revelation
 s - a scroll of butterflies {unknown}
 t - a scroll of blinking
 v - a scroll of amnesia
 x - a scroll of teleportation
Potions
 d - 2 potions of might
 e - 2 potions of haste
 g - a potion of enlightenment
 j - a potion of berserk rage
 l - 4 potions of curing
 p - a potion of attraction
 w - a potion of resistance
 A - a potion of mutation {unknown}


   Skills:
 * Level 6.0 Fighting
 * Level 5.1 Maces & Flails
 * Level 6.0 Armour
 + Level 2.4 Dodging
 * Level 6.0 Shields


You had 7 spell levels left.
You didn't know any spells.
Your spell library contained the following spells:

 Spells                   Type           Power      Damage    Failure   Level
 Slow                     Hex            0%         N/A       73%         1
 Confusing Touch          Hex            0%         N/A       97%         3
 Sigil of Binding         Hex            0%         N/A       97%         3
 Tukima's Dance           Hex            0%         N/A       97%         3
 Vampiric Draining        Necr           0%         2d6       97%         3
 Dimensional Bullseye     Hex/Tloc       0%         N/A       100%        4
 Iskenderun's Mystic Bla  Conj/Tloc      0%         2d3       100%        4


Dungeon Overview and Level Annotations

Branches:
Dungeon (6/15)             Temple (1/1) D:4         Ossuary (visited)

Altars:
Ashenzari
Cheibriados
Dithmenos
Elyvilon
Fedhas
Gozag
Hepliaklqana
Kikubaaqudgha
Makhleb
Nemelex Xobeh
Okawaru
Qazlal
Ru
Sif Muna
Trog
Uskayaw
Wu Jian
Xom
Yredelemnul
The Shining One

Shops:
D:1 (


Innate Abilities, Weirdness & Mutations

You are immune to sickness and miasma.
Your stone body is resilient. (AC +5)
You are immune to poison.
You resist negative energy. (rN+)
You are resistant to electric shocks. (rElec)
You are resistant to unholy torment.
You are immune to petrification.


Message History

You sock the orc wizard! You burn the orc wizard.
You kill the orc wizard!
The orc barely misses you. The orc closely misses you.
The orc barely misses you.
Your Fighting skill increases to level 6!
You closely miss the orc priest. You block the orc priest's attack.
The orc misses you. You block the orc's attack.
You closely miss the orc priest. You block the orc's attack.
The orc priest calls down the wrath of Beogh upon you.
Beogh smites you! The orc closely misses you.
You are too injured to fight recklessly!
You are too injured to fight recklessly!
You are too injured to fight recklessly!
You are too injured to fight recklessly!
You are too injured to fight recklessly!
You are too injured to fight recklessly!
You are too injured to fight recklessly!
You are too injured to fight recklessly!
You are too injured to fight recklessly!
You are too injured to fight recklessly!
You are too injured to fight recklessly!
You are too injured to fight recklessly!
You are too injured to fight recklessly!
You are too injured to fight recklessly!
You are too injured to fight recklessly!
You are too injured to fight recklessly!
You are too injured to fight recklessly!
You are too injured to fight recklessly!
You completely miss the orc priest. The orc hits you but does no damage.
The orc priest calls down the wrath of Beogh upon you.
Beogh smites you!
* * * LOW HITPOINT WARNING * * *
You block the orc's attack.
You hit the orc priest. You burn the orc priest.
The orc priest is heavily wounded.
The orc hits you but does no damage.
The orc priest invokes the aid of Beogh against you.
Beogh smites you!
You die...
Your body crumbles into a pile of gold.

# . ## #.. .# .## ##....
#+######o# ..##...#
##...#....## )....# #
#+#..........# ##.### #.
#$.$..........
.#).######.#####.o..........
...............$@o.$$.......
.....#######..###o.........#
.............## ##...##...##
.............# ##### ###
.............#
#####........# #........#
#........# ##########


You could see an orc priest and 2 orcs.

Vanquished Creatures
  2 wraiths (Ossuary)
  A sky beast (D:6)
  An ice beast (D:5)
  A centaur (D:5)
  A kobold brigand (D:5)
  A scorpion (D:5)
  2 wights (Ossuary)
  3 hounds
  A jelly (D:4)
  2 orc wizards
  3 iguanas
  3 gnolls (D:4)
  2 adders
  A shadow imp (D:5)
  2 white imps
  4 ufetubi
  2 adder zombies (Ossuary)
  3 worms
  3 dart slugs
  3 orcs (D:5)
  8 ball pythons
  5 endoplasms
  4 giant cockroaches
  5 goblins
  5 hobgoblins
  5 jackals
  8 kobolds
  3 quokkas
  3 ball python skeletons (Ossuary)
  4 bats
  A hobgoblin skeleton (Ossuary)
  A hobgoblin zombie (Ossuary)
  A kobold zombie (Ossuary)
  An orc skeleton (Ossuary)
  An orc zombie (Ossuary)
  4 rats
100 creatures vanquished.

Notes
Turn   | Place    | Note
-------+----------+-------------------------------------------
     0 | D:1      | sammy202020 the Gargoyle Fighter began the quest for the
                  | Orb.
     0 | D:1      | Reached XP level 1. HP: 14/14 MP: 1/1
   195 | D:1      | Reached XP level 2. HP: 16/19 MP: 2/2
   416 | D:1      | Found Pigil's Weapon Boutique.
   603 | D:2      | Reached XP level 3. HP: 23/23 MP: 3/3
   797 | D:2      | Found a hide-covered altar of Uskayaw.
  1615 | D:3      | Found a broken altar of Ashenzari.
  1726 | D:3      | Reached XP level 4. HP: 25/29 MP: 4/4
  1921 | D:3      | Found a faded altar of an unknown god.
  2245 | D:4      | Reached XP level 5. HP: 18/33 MP: 5/5
  2467 | D:4      | Found a staircase to the Ecumenical Temple.
  2475 | D:4      | Reached skill level 1 in Dodging
  2484 | Temple   | Entered the Ecumenical Temple
  2492 | Temple   | Became a worshipper of Gozag Ym Sagoz the Greedy
  2593 | D:4      | Found a sacrificial altar of Ru.
  2661 | D:5      | Entered Level 5 of the Dungeon
  2812 | D:5      | Reached XP level 6. HP: 37/39 MP: 6/6
  2865 | D:5      | Noticed an ice beast
  2878 | D:5      | Killed an ice beast
  2949 | D:5      | Reached XP level 7. HP: 44/44 MP: 7/7
  3230 | D:5      | Reached skill level 5 in Fighting
  3230 | D:5      | Reached skill level 5 in Armour
  3230 | D:5      | Reached skill level 5 in Shields
  3703 | D:6      | Found a sand-covered staircase.
  3713 | Ossuary  | Entered an ossuary
  3825 | Ossuary  | Noticed a wraith
  3825 | Ossuary  | Noticed a flying skull
  3836 | Ossuary  | Noticed a flying skull
  3838 | Ossuary  | Noticed a flying skull
  3860 | Ossuary  | Noticed a flying skull
  3868 | Ossuary  | Noticed a wraith
  3885 | Ossuary  | Killed a wraith
  3965 | Ossuary  | Reached XP level 8. HP: 50/50 MP: 8/8
  4015 | Ossuary  | Noticed a wraith
  4028 | Ossuary  | Killed a wraith
  4251 | D:6      | Reached skill level 5 in Maces & Flails
  4327 | D:6      | Killed from afar by an orc priest

Illustrated notes

Levels and vault maps discovered:
D:1:      elethiomel_arrival_quiet, layout_basic, serial_shops,
          nicolae_shop_back_alley_shop
D:2:      layout_basic, basic_altar
D:3:      layout_loops_ring, mainiacjoe_overflow_surrounded_room,
          shapermc_ecumenical_altar_pompeii, dk_noncrumbling_2,
          grunt_ministairs_2
D:4:      layout_rooms, mainiacjoe_overflow_alcove_1,
          minmay_temple_entry_glassed_door
D:5:      mumra_celtic_spiral_tile, layout_cave_pools, kennysheep_generic_room_8
D:6:      nicolae_cairo_tiling_large, layout_rooms,
          nicolae_ossuary_entry_monument
Temple:   eino_narrow_crystal_temple

Skill      XL: |  1  2  3  4  5  6  7  8 |
---------------+-------------------------+-----
Fighting       | 4 5 6 |  6.0
Maces & Flails | 3 4 5 |  5.1
Armour         | 4 5 6 |  6.0
Shields        | 4 5 6 |  6.0
Dodging        | 1 2 |  2.4

Action                     |  1- 3 |  4- 6 |  7- 9 || total
---------------------------+-------+-------+-------++-------
  Melee: Flail             |   122 |   106 |   131 ||   359
    Use: Scroll            |     9 |     3 |     5 ||    17
         Potion            |       |       |     1 ||     1
 Armour: Scale mail        |    99 |    86 |   114 ||   299
  Dodge: Dodged            |    51 |    56 |    56 ||   163
  Block: Buckler           |    46 |    45 |    38 ||   129

Table legend: (Time is in decaauts)
 A = Elapsed time spent in this place.
 B = Non-inter-level travel time spent in this place.
 C = Inter-level travel time spent in this place.
 D = Time resting spent in this place.
 E = Time spent auto-exploring this place.
 F = Levels seen in this place.
 G = Mean time per level.
                   A        B        C        D        E       F      G
               +--------+--------+--------+--------+--------+-----+--------+
         Total |   4447 |   4405 |     42 |    111 |   3235 |   8 |  555.9 |
       Dungeon |   3892 |   3857 |     35 |      0 |   3005 |   6 |  648.7 |
        Temple |     16 |      9 |      7 |      0 |      0 |   1 |   16.0 |
       Ossuary |    537 |    537 |      0 |    111 |    230 |   1 |  537.0 |
               +--------+--------+--------+--------+--------+-----+--------+

Top non-repeatable levels by time:
     D:5: 1040 daAuts
     D:3: 852 daAuts
     D:2: 748 daAuts
     D:1: 595 daAuts
 Ossuary: 537 daAuts
     D:4: 502 daAuts
     D:6: 153 daAuts
  Temple: 16 daAuts
